 Dungeon Crawl Stone Soup version 0.30.1-11-g7821555f0a (webtiles) character file.

Game seed: 6097163835010602903

339 safid the Conjurer (level 6, -1/38 HPs)
             Began as a Gargoyle Reaver on Dec 6, 2023.
             Slain by a gnoll
             ... wielding a +0 spear
              (7 damage)
             ... on level 4 of the Dungeon on Dec 7, 2023.
             The game lasted 00:07:19 (3286 turns).

safid the Conjurer (Gargoyle Reaver)                Turns: 3286, Time: 00:07:20

Health: -1/38      AC: 18    Str: 17    XL:     6   Next: 55%
Magic:  10/10      EV:  5    Int: 14    God:
Gold:   241        SH:  5    Dex:  8    Spells: 8/11 levels left

rFire   . . .        a - +1 mace
rCold   . . .        (no shield)
rNeg    + . .        g - +0 plate armour
rPois   ∞            m - +0 helmet
rElec   +            b - +0 cloak
rCorr   .            o - +0 pair of gloves
SInv    .            (no boots)
Will    .....        p - amulet of reflection Stlth
                     (no ring)
HPRegen 0.26/turn    (no ring)
MPRegen 0.12/turn

%: reflection
@: no status effects
A: sickness immunity, AC +4, negative energy resistance 1, electricity
resistance, torment resistance 1, petrification resistance
a: no special abilities


You were on level 4 of the Dungeon.
You visited 1 branch of the dungeon, and saw 4 of its levels.

You collected 241 gold pieces.

Inventory:

Hand Weapons
 a - a +1 mace (weapon)
Armour
 b - a +0 cloak (worn)
 g - a +0 plate armour (worn)
 m - a +0 helmet (worn)
 o - a +0 pair of gloves (worn)
Jewellery
 p - an amulet of reflection (around neck)
Scrolls
 c - a scroll of acquirement {unknown}
 e - 2 scrolls of fog
 f - a scroll of teleportation {unknown}
 h - 2 scrolls of identify
 j - a scroll of amnesia {unknown}
 k - a scroll of enchant weapon
 l - a scroll of noise {unknown}
Potions
 d - a potion of lignification {unknown}
 i - 2 potions of heal wounds {unknown}
 n - a potion of magic {unknown}


   Skills:
 + Level 3.7 Fighting
 + Level 4.2 Maces & Flails
 + Level 2.7 Armour
 - Level 1.5 Dodging
 + Level 3.2 Spellcasting
 + Level 4.5 Conjurations


You had 8 spell levels left.
You knew the following spells:

 Your Spells              Type           Power      Damage    Failure   Level
a - Kiss of Death         Conj/Necr      32%        2d7       99%         1
b - Momentum Strike       Conj/Tloc      16%        3d8       100%        2

Your spell library contained the following spells:

 Spells                   Type           Power      Damage    Failure   Level
 Wereblood                Tmut           2%         N/A       100%        2
 Hailstorm                Conj/Ice       8%         3d4       100%        3
 Summon Hydra             Summ           1%         N/A       100%        7
 Sublimation of Blood     Necr           Unusable   N/A       N/A         2

Dungeon Overview and Level Annotations

Branches:
Dungeon (4/15)
 Temple: D:4-7

Altars:
Elyvilon
Kikubaaqudgha
Ru
Trog
Uskayaw
Wu Jian
The Shining One


Innate Abilities, Weirdness & Mutations

You are immune to sickness and miasma.
Your stone body is resilient. (AC +4)
You are immune to poison.
You resist negative energy. (rN+)
You are resistant to electric shocks. (rElec)
You are resistant to unholy torment.
You are immune to petrification.


Message History

You closely miss the gnoll.
The gnoll is almost dead.
The gnoll hits you with a +0 spear.
* * * LOW HITPOINT WARNING * * *
The gnoll hits you but does no damage. The worm bites you but does no damage.
You sock the gnoll!
You kill the gnoll!
The gnoll hits you but does no damage. The worm closely misses you.
You hit the worm.
The worm is lightly wounded.
The gnoll hits you but does no damage. The gnoll barely misses you.
You barely miss the worm.
The worm is lightly wounded.
The worm bites you but does no damage. The gnoll barely misses you.
You hit the worm.
The worm is heavily wounded.
The gnoll hits you but does no damage. The worm bites you but does no damage.
You barely miss the worm.
The worm is moderately wounded.
You block the gnoll's attack.
You hit the worm.
The worm is heavily wounded.
The gnoll barely misses you. The worm bites you.
* * * LOW HITPOINT WARNING * * *
You hit the worm.
The worm is severely wounded.
You block the gnoll's attack. The worm barely misses you.
You block the gnoll's attack.
You completely miss the worm.
The worm is severely wounded.
The gnoll hits you but does no damage. You block the worm's attack.
You hit the worm.
The worm is severely wounded.
The gnoll hits you from afar with a +0 spear.
* * * LOW HITPOINT WARNING * * *
You hit the worm. You punch the worm.
You kill the worm!
The gnoll closely misses you. The gnoll hits you with a +0 spear!
You die...

.# ......... .#
#..........
.####..........
......#####...#
.####.#..(#...#
......#..(#...# ###### #
.####.#####...###....#.##
.#.............))g.......
...#...._......#@........
...#.#.........#.........
...#.#.........#.....#.#.
...#.#.#.......#.....#
...#.#.#....####.....#
...#.#.#....# #..)..#
...#.#.#....# #..>..#
...#.#.#....# #.....#
...#.#.#....# #....!#


You could see 2 dancing weapons and a gnoll.

Vanquished Creatures
  A scorpion (D:4)
  A jelly (D:4)
  An iguana (D:4)
  An orc wizard (D:4)
  4 adders
  3 gnolls (D:4)
  2 worms
  3 dart slugs
  9 orcs (D:4)
  9 endoplasms
  6 giant cockroaches
  5 goblins
  7 hobgoblins
  2 jackals (D:2)
  7 quokkas
  7 ball pythons
  4 bats
  9 frilled lizards
  7 kobolds
  4 rats
92 creatures vanquished.

Notes
Turn   | Place    | Note
-------+----------+-------------------------------------------
     0 | D:1      | safid the Gargoyle Reaver began the quest for the Orb.
     0 | D:1      | Reached XP level 1. HP: 12/12 MP: 3/3
   152 | D:1      | Reached XP level 2. HP: 16/18 MP: 5/5
   164 | D:1      | Learned a level 2 spell: Momentum Strike
   642 | D:1      | Reached XP level 3. HP: 22/22 MP: 6/6
  1257 | D:2      | Found a faded altar of an unknown god.
  1262 | D:2      | Reached skill level 1 in Armour
  1348 | D:2      | Reached XP level 4. HP: 26/27 MP: 7/7
  2747 | D:4      | Found an ornate altar of the Wu Jian Council.
  2747 | D:4      | Found an ancient bone altar of Kikubaaqudgha.
  2749 | D:4      | Found a bloodstained altar of Trog.
  2767 | D:4      | Reached XP level 5. HP: 32/32 MP: 9/9
  2862 | D:4      | Found a glowing golden altar of the Shining One.
  2963 | D:4      | Found a sacrificial altar of Ru.
  2965 | D:4      | Found a white marble altar of Elyvilon.
  3174 | D:4      | Reached XP level 6. HP: 29/37 MP: 10/10
  3224 | D:4      | Noticed a +0 hand axe
  3224 | D:4      | Noticed a +0 dagger
  3225 | D:4      | Found a hide-covered altar of Uskayaw.
  3286 | D:4      | Slain by a gnoll

Illustrated notes

Levels and vault maps discovered:
D:1:      amcnicky_arrival_double_pillar, layout_basic, minmay_vboxes
D:2:      layout_basic, dreamdust_ecumenical_altar_hidden_monk_grotto
D:3:      layout_basic
D:4:      layout_basic, nicolae_overflow_hidden_temple, dancing_weapons_uskayaw,
          lemuel_doored_altar, slow_altar_2, minmay_surrounded,
          uniq_blork_the_orc

Skill      XL: |  1  2  3  4  5 |
---------------+----------------+-----
Armour         | 1 2 |  2.7
Fighting       | 3 |  3.7
Conjurations   | 4 |  4.5
Maces & Flails | 4 |  4.2
Spellcasting   | 3 |  3.2
Dodging        | |  1.5

Action                     |  1- 3 |  4- 6 || total
---------------------------+-------+-------++-------
  Melee: Mace              |   156 |   242 ||   398
         Punch             |       |     2 ||     2
    Use: Scroll            |       |     2 ||     2
 Armour: Leather armour    |    17 |       ||    17
         Plate armour      |    86 |   203 ||   289
  Dodge: Dodged            |    59 |    69 ||   128
  Block: Other             |       |    25 ||    25
